 Dungeon Crawl Stone Soup version 0.27.1-1-g398f81649c (webtiles) character file.

Game seed: 4117809649558230744

229 Atelerd the Sneak (level 6, -1/36 HPs)
             Began as an Octopode Earth Elementalist on Sept 21, 2021.
             Slain by a quokka (2 damage)
             ... on level 4 of the Dungeon.
             The game lasted 00:03:41 (3364 turns).

Atelerd the Sneak (Octopode Earth Elementalist)     Turns: 3364, Time: 00:03:42

Health: -1/36      AC:  5    Str:  7    XL:     6   Next: 3%
Magic:  10/10      EV: 13    Int: 19    God:
Gold:   140        SH:  0    Dex: 13    Spells: 6/11 levels left

rFire    . . .     SeeInvis .   c - +0 dagger
rCold    . . .     Faith    .   (no shield)
rNeg     . . .     Spirit   .   (helmet restricted)
rPois    .         Reflect  .   (no amulet)
rElec    .         Harm     .   k - +4 ring of protection
rCorr    .         Rampage  .   (no ring)
Will     .....                  (no ring)
Stlth    ++++......             (no ring)
HPRegen  0.12/turn              (no ring)
MPRegen  0.12/turn              (no ring)
                                (no ring)
                                (no ring)

@: no status effects
A: almost no armour, amphibious, 8 rings, camouflage 1, gelatinous body 1,
(nimble swimmer 1), tentacles
a: no special abilities


You were on level 4 of the Dungeon.
You visited 1 branch of the dungeon, and saw 4 of its levels.

You collected 140 gold pieces.

Inventory:

Hand Weapons
 c - a +0 dagger (weapon)
Missiles
 b - 53 stones
Armour
 f - a +0 buckler
Jewellery
 k - a +4 ring of protection (left tentacle)
Scrolls
 d - a scroll of identify {unknown}
 e - a scroll of holy word {unknown}
 h - a scroll of silence {unknown}
 i - a scroll of teleportation {unknown}
 j - a scroll of magic mapping {unknown}
 l - 3 scrolls of enchant armour {unknown}
Potions
 a - a potion of flight {unknown}
 g - a potion of curing
 m - a potion of magic


   Skills:
 - Level 2.0 Dodging
 + Level 4.8 Stealth
 + Level 0.5 Shields
 + Level 3.2 Spellcasting
 + Level 2.8 Transmutations
 + Level 4.1 Earth Magic


You had 6 spell levels left.
You knew the following spells:

 Your Spells              Type           Power      Damage    Failure   Level
a - Sandblast             Erth           36%        2d10      2%          1
p - Petrify               Tmut/Erth      16%        N/A       34%         4

Your spell library contained the following spells:

 Spells                   Type           Power      Damage    Failure   Level
 Passwall                 Tmut/Erth      13%        N/A       5%          2
 Stone Arrow              Conj/Erth      20%        3d8       19%         3


Dungeon Overview and Level Annotations

Branches:
Dungeon (4/15)
 Temple: D:4-7

Altars:
Kikubaaqudgha

Annotations:
D:4 3 runed translucent doors, 101zpm's ghost, amateur GrFi; Edmund


Innate Abilities, Weirdness & Mutations

You cannot wear most types of armour.
You are amphibious.
You can wear up to eight rings at the same time.
Your skin changes colour to match your surroundings (Stealth+).
Your rubbery body absorbs attacks. (AC +1, EV +1)
((You are camouflaged near water. (Stealth+)))
You have tentacles for arms and can constrict up to eight enemies at once.


Message History

There is an open door here.
You open the door.
There is an open door here.
You open the door.
You see here a +0 short sword.
There is an open door here.
Edmund the Younger comes into view.
He is wielding a +4 dire flail of holy wrath.
Edmund is nearby!
Edmund shouts!
Edmund is nearby!
Found a scroll labelled BIUX XEYCOGARGH.
Edmund is nearby!
A quokka comes into view.
Edmund closely misses you.
There are monsters nearby!
You hit Edmund but do no damage. You grab Edmund.
You constrict Edmund, but do no damage.
Edmund hits you with a +4 dire flail of holy wrath!
There are monsters nearby!
You completely miss Edmund. You constrict Edmund.
Edmund says, "I'm quite good with sums, too."
Edmund hits you with a +4 dire flail of holy wrath!
There are monsters nearby!
You are too injured to fight recklessly!
There are monsters nearby!
Unknown command.
You release your grip on Edmund.
Edmund says, "I might not be good at magic, but I can still kill you!"
Edmund opens the door.
The quokka closely misses you.
Edmund hits you with a +4 dire flail of holy wrath!
* * * LOW HITPOINT WARNING * * *
Okay, then.
Okay, then.
The quokka bites you.
* * * LOW HITPOINT WARNING * * *
The quokka bites you but does no damage.
Unknown command.
The quokka bites you.
You die...

#..##....##...#.......?..
+........#....#..........
#..##....#....#..........
##'##....#....#..........
'...#....#....#.........#
#...#†...#....#.........#
######+####...#.........#
..........#...#.........#
..........#...#.@#####..#
..........'...'r.# #
...)......#....@P#
####......#......+
'..#......#...+.P#
#..#......#...#..#
####......###.#..# #
####.....#####. #.....#
..


You could see Edmund and a quokka.

Vanquished Creatures
  A centaur (D:3)
  A hound (D:3)
  A hound skeleton (D:4)
  3 adders
  2 worms
  3 dart slugs
  An orc (D:3)
  5 ball pythons
  4 bats
  6 endoplasms
  2 giant cockroaches
  10 goblins
  6 hobgoblins
  3 quokkas
  5 frilled lizards
  7 kobolds
  6 rats
66 creatures vanquished.

Notes
Turn   | Place    | Note
-------+----------+-------------------------------------------
     0 | D:1      | Atelerd the Octopode Earth Elementalist began the quest for
                  | the Orb.
     0 | D:1      | Reached XP level 1. HP: 11/11 MP: 3/3
   365 | D:1      | Reached XP level 2. HP: 17/17 MP: 5/5
   656 | D:1      | Found a faded altar of an unknown god.
  1148 | D:1      | Reached XP level 3. HP: 21/21 MP: 6/6
  2269 | D:3      | Found an ancient bone altar of Kikubaaqudgha.
  2285 | D:3      | Noticed a centaur
  2290 | D:3      | HP: 1/21 [centaur (2)]
  2300 | D:3      | Killed a centaur
  2301 | D:3      | Reached XP level 4. HP: 10/27 MP: 2/8
  2301 | D:3      | Reached XP level 5. HP: 11/31 MP: 2/9
  3052 | D:4      | Found a runed translucent gate.
  3052 | D:4      | Found a runed translucent gate.
  3052 | D:4      | Noticed 101zpm's ghost (amateur GrFi)
  3053 | D:4      | Found a runed translucent gate.
  3177 | D:4      | Reached XP level 6. HP: 32/36 MP: 10/10
  3182 | D:4      | Learned a level 4 spell: Petrify
  3346 | D:4      | Noticed Edmund
  3361 | D:4      | HP: 1/36 [quokka (1)]
  3364 | D:4      | Slain by a quokka

Illustrated notes

Levels and vault maps discovered:
D:1:      minmay_arrival_diagonal_passages, layout_loops_corners,
          dreamdust_ecumenical_altar_hidden_monk_grotto, roderic_lattice_a
D:2:      layout_basic
D:3:      layout_basic, kiku_gazebo_pond_becter, minmay_pentomino_pile
D:4:      layout_gridville, lemuel_round_altar, gammafunk_ghost_split,
          minmay_misc_feat_room, cheibrodos_gnoll_hut, uniq_edmund, uniq_pikel

Skill      XL: |  1  2  3  4  5 |
---------------+----------------+-----
Stealth        | 3 4 |  4.8
Transmutations | 2 |  2.8
Spellcasting   | 3 |  3.2
Earth Magic    | 4 |  4.1
Dodging        | |  2.0
Shields        | |  0.5

Action                   |  1- 3 |  4- 6 || total
-------------------------+-------+-------++-------
Melee: Unarmed           |     6 |       ||     6
       Dagger            |    58 |    74 ||   132
       Constrict         |    17 |     8 ||    25
       Tentacles         |     9 |     3 ||    12
 Cast: Sandblast         |    15 |    14 ||    29
  Use: Potion            |     5 |       ||     5
       Scroll            |       |     1 ||     1
 Stab: Sleeping          |    20 |    10 ||    30
Armor: Skin              |    24 |    62 ||    86
Dodge: Dodged            |    31 |    32 ||    63
